TOP OF THE 1ST |
Montgomery Biscuits batting - Pitching for Memphis Blues : RHP Mike Clay
|
Pitching: RHP Mike Clay
|
|
Batting: LHB Al Gaines
|
0-0: Called Strike 0-1: Called Strike 0-2: SINGLE (Line Drive, 89S)
|
Batting: RHB José Carlos Caraballo
|
0-0: Foul Ball, location: 2F 0-1: Called Strike 0-2: Foul Ball, location: 2F 0-2: Ball 1-2: SINGLE (Flyball, 9S) Al Gaines to second Runner from 2nd tries for 3rd, SAFE, no throw
|
Batting: SHB Marvin López
|
0-0: Called Strike José Carlos Caraballo steals 2nd base 0-1: Foul Ball, location: 2F 0-2: Foul Ball, location: 2F 0-2: Foul Ball, location: 2F 0-2: Foul Ball, location: 2F 0-2: Ball 1-2: Ball 2-2: Ball 3-2: Ground out U3 (Groundball, 3L)
|
Batting: LHB Curt Causton
|
0-0: Swinging Strike 0-1: Ball 1-1: Ball 2-1: Foul Ball, location: 2F 2-2: SINGLE (Flyball, 7S) Al Gaines scores José Carlos Caraballo to third Runner from 3rd tries for Home, SAFE, no throw
|
Batting: RHB Rusty Downy
|
0-0: Ball 1-0: Called Strike 1-1: Ground out U3 (Groundball, 3S) Curt Causton to second
|
Batting: SHB Sean Moody
|
0-0: Foul Ball, location: 2F 0-1: Foul Ball, location: 2F 0-2: Strikes out swinging
|
Top of the 1st over - 2 run(s), 3 hit(s), 0 error(s), 1 left on base; Montgomery 2 - Memphis 0 |
BOTTOM OF THE 1ST |
Memphis Blues batting - Pitching for Montgomery Biscuits : LHP Trevor Nichols
|
Pitching: LHP Trevor Nichols
|
|
Batting: SHB Terry Dailey
|
0-0: Ball 1-0: Ground out 5-3 (Groundball, 56)
|
Batting: RHB Dave Wookey
|
0-0: Swinging Strike 0-1: Fly out, F8 (Flyball, 8RD)
|
Batting: RHB Sadao Kato
|
0-0: Ball 1-0: Swinging Strike 1-1: Foul Ball, location: 2F 1-2: SOLO HOME RUN (Flyball, 7LD), Distance : 356 ft
|
Batting: LHB Chris Austin
|
0-0: Ball 1-0: Called Strike 1-1: Ball 2-1: Swinging Strike 2-2: Ball 3-2: Strikes out swinging
|
Bottom of the 1st over - 1 run(s), 1 hit(s), 0 error(s), 0 left on base; Montgomery 2 - Memphis 1 |
TOP OF THE 2ND |
Montgomery Biscuits batting - Pitching for Memphis Blues : RHP Mike Clay
|
Batting: RHB Reinaldo Amarante
|
0-0: Ball 1-0: SINGLE (Flyball, 78S)
|
Batting: SHB Jack Estes
|
0-0: Called Strike 0-1: Called Strike 0-2: Foul Ball, location: 2F 0-2: Ball 1-2: SINGLE (Line Drive, 34) Reinaldo Amarante to second
|
Batting: SHB Lawrence Farley
|
0-0: Called Strike 0-1: Ball 1-1: Ball 2-1: SINGLE (Line Drive, 6MD) Reinaldo Amarante to third Jack Estes to second
|
Batting: LHB Al Gaines
|
0-0: Called Strike 0-1: SINGLE (Groundball, 4MD) Reinaldo Amarante scores Jack Estes to third Lawrence Farley to second Runner from 3rd tries for Home, SAFE, throw made home
|
Batting: RHB José Carlos Caraballo
|
0-0: Grounds into double play, 6-4-3 (Groundball, 6) Lawrence Farley to third
|
Batting: SHB Marvin López
|
0-0: Ball 1-0: Foul Ball, location: 2F 1-1: Ball 2-1: Ball 3-1: Foul Ball, location: 2F 3-2: Foul Ball, location: 2F 3-2: Base on Balls
|
Batting: LHB Curt Causton
|
0-0: DOUBLE (Line Drive, 78S) Lawrence Farley scores Marvin López to third Runner from 3rd tries for Home, SAFE, throw made at trailing runner, OUT at third!
|
Top of the 2nd over - 4 run(s), 5 hit(s), 0 error(s), 0 left on base; Montgomery 6 - Memphis 1 |
BOTTOM OF THE 2ND |
Memphis Blues batting - Pitching for Montgomery Biscuits : LHP Trevor Nichols
|
Batting: RHB Irwin Duncan
|
0-0: Called Strike 0-1: Swinging Strike 0-2: Ball 1-2: Ground out 6-3 (Groundball, 6)
|
Batting: RHB Peyton Pennington
|
0-0: Ball 1-0: Foul Ball, location: 2F 1-1: Swinging Strike 1-2: Fly out, F8 (Flyball, 8RM)
|
Batting: RHB Glenn Melican
|
0-0: Called Strike 0-1: Ball 1-1: Foul Ball, location: 2F 1-2: Ball 2-2: Ball 3-2: Fly out, F7 (Line Drive, 78M)
|
Bottom of the 2nd over - 0 run(s), 0 hit(s), 0 error(s), 0 left on base; Montgomery 6 - Memphis 1 |
TOP OF THE 3RD |
Montgomery Biscuits batting - Pitching for Memphis Blues : RHP Mike Clay
|
Batting: RHB Rusty Downy
|
0-0: Foul Ball, location: 2F 0-1: Ground out 5-3 (Groundball, 56S)
|
Batting: RHB Bob McDonald
|
0-0: Ball 1-0: SINGLE (Line Drive, 7S)
|
Batting: RHB Reinaldo Amarante
|
0-0: Ball 1-0: Ball 2-0: Foul Ball, location: 2F 2-1: Ball 3-1: Foul Ball, location: 2F 3-2: Ground out 5-3 (Groundball, 56S) Bob McDonald to second
|
Batting: SHB Jack Estes
|
0-0: Ball 1-0: Foul Ball, location: 2F 1-1: Ball 2-1: Ball 3-1: SINGLE (Line Drive, 6M) Bob McDonald to third Runner from 3rd tries for Home, SAFE, no throw
|
Pitching: RHP Juan Martínez
|
|
Batting: SHB Lawrence Farley
|
0-0: Foul Ball, location: 2F 0-1: Ball 1-1: Ball 2-1: Ball 3-1: Base on Balls Jack Estes to second
|
Batting: LHB Al Gaines
|
0-0: SINGLE (Line Drive, 78S) Jack Estes to third Lawrence Farley to second Runner from 3rd tries for Home, SAFE, no throw
|
Batting: RHB José Carlos Caraballo
|
0-0: Ball 1-0: Called Strike 1-1: Foul Ball, location: 2F 1-2: Ball 2-2: Strikes out looking
|
Top of the 3rd over - 2 run(s), 3 hit(s), 0 error(s), 2 left on base; Montgomery 8 - Memphis 1 |
BOTTOM OF THE 3RD |
Memphis Blues batting - Pitching for Montgomery Biscuits : LHP Trevor Nichols
|
Now in LF: Bob McDonald
|
|
Batting: RHB Jaime Spiridon
|
0-0: Foul Ball, location: 2F 0-1: Called Strike 0-2: Foul Ball, location: 2F 0-2: Ball 1-2: Ball 2-2: Ball 3-2: Base on Balls
|
Batting: RHB Salvador Mendoza
|
0-0: Foul Ball, location: 2F 0-1: Called Strike 0-2: Strikes out swinging
|
Batting: SHB Terry Dailey
|
0-0: Foul Ball, location: 2F 0-1: Foul Ball, location: 2F 0-2: Foul Ball, location: 2F 0-2: Foul Ball, location: 2F 0-2: Foul Ball, location: 2F 0-2: Strikes out swinging
|
Batting: RHB Dave Wookey
|
0-0: Ball 1-0: Foul Ball, location: 2F 1-1: Foul Ball, location: 2F 1-2: Hit by Pitch Jaime Spiridon to second
|
Batting: RHB Sadao Kato
|
0-0: Ball 1-0: Called Strike 1-1: Ball 2-1: Fly out, F5 (Popup, 5L)
|
Bottom of the 3rd over - 0 run(s), 0 hit(s), 0 error(s), 2 left on base; Montgomery 8 - Memphis 1 |
TOP OF THE 4TH |
Montgomery Biscuits batting - Pitching for Memphis Blues : RHP Juan Martínez
|
Batting: SHB Marvin López
|
0-0: Ball 1-0: Ball 2-0: Foul Ball, location: 2F 2-1: Called Strike 2-2: Ball 3-2: SINGLE (Groundball, 4MD)
|
Batting: LHB Curt Causton
|
0-0: Ball 1-0: Foul Ball, location: 2F 1-1: Foul Ball, location: 2F 1-2: SINGLE (Groundball, 6D) Marvin López to second
|
Batting: RHB Rusty Downy
|
0-0: Swinging Strike 0-1: Foul Ball, location: 2F 0-2: Fly out, F8 (Flyball, 8LS)
|
Batting: RHB Bob McDonald
|
0-0: Called Strike 0-1: DOUBLE (Line Drive, 9LM) Marvin López scores Curt Causton to third
|
Batting: RHB Reinaldo Amarante
|
0-0: Fly out, F3 (Popup, 3L)
|
Batting: SHB Jack Estes
|
0-0: Called Strike 0-1: Ball 1-1: Foul Ball, location: 2F 1-2: Strikes out swinging
|
Top of the 4th over - 1 run(s), 3 hit(s), 0 error(s), 2 left on base; Montgomery 9 - Memphis 1 |
BOTTOM OF THE 4TH |
Memphis Blues batting - Pitching for Montgomery Biscuits : LHP Trevor Nichols
|
Batting: LHB Chris Austin
|
0-0: Ground out 3-1 (Groundball, 34S)
|
Batting: RHB Irwin Duncan
|
0-0: Ball 1-0: Called Strike 1-1: Ball 2-1: Foul Ball, location: 2F 2-2: Foul Ball, location: 2F 2-2: Foul Ball, location: 2F 2-2: Ball 3-2: Strikes out swinging
|
Batting: RHB Peyton Pennington
|
0-0: Called Strike 0-1: DOUBLE (Line Drive, 78XD)
|
Batting: RHB Glenn Melican
|
0-0: Called Strike 0-1: Fly out, F5 (Line Drive, 5)
|
Bottom of the 4th over - 0 run(s), 1 hit(s), 0 error(s), 1 left on base; Montgomery 9 - Memphis 1 |
TOP OF THE 5TH |
Montgomery Biscuits batting - Pitching for Memphis Blues : RHP Juan Martínez
|
Batting: SHB Lawrence Farley
|
0-0: Fly out, F8 (Flyball, 78M)
|
Batting: LHB Al Gaines
|
0-0: Ball 1-0: SINGLE (Line Drive, 6M)
|
Batting: RHB José Carlos Caraballo
|
0-0: Swinging Strike 0-1: Swinging Strike 0-2: Strikes out swinging
|
Batting: SHB Marvin López
|
0-0: Swinging Strike 0-1: 2-RUN HOME RUN (Flyball, 9D), Distance : 398 ft
|
Batting: LHB Curt Causton
|
0-0: Ball 1-0: Ball 2-0: Called Strike 2-1: Fly out, F6 (Flyball, 6MD)
|
Top of the 5th over - 2 run(s), 2 hit(s), 0 error(s), 0 left on base; Montgomery 11 - Memphis 1 |
BOTTOM OF THE 5TH |
Memphis Blues batting - Pitching for Montgomery Biscuits : LHP Trevor Nichols
|
Batting: RHB Jaime Spiridon
|
0-0: Ball 1-0: Ball 2-0: Swinging Strike 2-1: Ball 3-1: Ground out 5-3 (Groundball, 5)
|
Batting: RHB Salvador Mendoza
|
0-0: Called Strike 0-1: Foul Ball, location: 2F 0-2: Ball 1-2: SINGLE (Groundball, 34D)
|
Batting: SHB Terry Dailey
|
0-0: Called Strike 0-1: Foul Ball, location: 2F 0-2: Ball 1-2: Ball 2-2: Ball 3-2: Strikes out looking
|
Batting: RHB Dave Wookey
|
0-0: Foul Ball, location: 2F 0-1: Called Strike 0-2: 2-RUN HOME RUN (Flyball, 7D), Distance : 390 ft
|
Batting: RHB Sadao Kato
|
0-0: Called Strike 0-1: Swinging Strike 0-2: DOUBLE (Flyball, 89D)
|
Batting: LHB Chris Austin
|
0-0: Ball 1-0: Foul Ball, location: 2F 1-1: Ball 2-1: DOUBLE (Flyball, 9D) Sadao Kato scores
|
Batting: RHB Irwin Duncan
|
0-0: Foul Ball, location: 2F 0-1: Ball 1-1: Foul Ball, location: 2F 1-2: Strikes out swinging
|
Bottom of the 5th over - 3 run(s), 4 hit(s), 0 error(s), 1 left on base; Montgomery 11 - Memphis 4 |
TOP OF THE 6TH |
Montgomery Biscuits batting - Pitching for Memphis Blues : RHP Juan Martínez
|
Batting: RHB Rusty Downy
|
0-0: Ball 1-0: Ball 2-0: Ball 3-0: Called Strike 3-1: Base on Balls
|
Batting: RHB Bob McDonald
|
0-0: Called Strike 0-1: Ball 1-1: DOUBLE (Line Drive, 78D) Rusty Downy to third
|
Pitching: LHP Ramón Vázquez
|
|
Batting: RHB Reinaldo Amarante
|
0-0: Ball 1-0: Ground out 4-3 (Groundball, 4) Rusty Downy scores Bob McDonald to third
|
Batting: SHB Jack Estes
|
0-0: 2-RUN HOME RUN (Line Drive, 78XD), Distance : 431 ft
|
Batting: SHB Lawrence Farley
|
0-0: Ball 1-0: Foul Ball, location: 2F 1-1: Ball 2-1: Ball 3-1: Base on Balls
|
Pinch Hitting: RHB José Montoya
|
0-0: Ball 1-0: Called Strike 1-1: Ball 2-1: Swinging Strike 2-2: SINGLE (Line Drive, 78M) Lawrence Farley to second
|
Batting: RHB José Carlos Caraballo
|
0-0: Ball 1-0: Ball 2-0: Ball 3-0: Base on Balls Lawrence Farley to third José Montoya to second
|
Batting: SHB Marvin López
|
0-0: Called Strike 0-1: Called Strike 0-2: Ball 1-2: Ball 2-2: Foul Ball, location: 2F 2-2: Ball 3-2: Grounds into double play, 6-4-3 (Groundball, 6)
|
Top of the 6th over - 3 run(s), 3 hit(s), 0 error(s), 2 left on base; Montgomery 14 - Memphis 4 |
BOTTOM OF THE 6TH |
Memphis Blues batting - Pitching for Montgomery Biscuits : LHP Trevor Nichols
|
Now in RF: Brian MacIntosh
|
|
Batting: RHB Peyton Pennington
|
0-0: Called Strike 0-1: Foul Ball, location: 2F 0-2: Ball 1-2: Ball 2-2: Ball 3-2: Foul Ball, location: 2F 3-2: Ground out 1-3 (Groundball, P)
|
Pitching: RHP Steven Browne
|
|
Batting: RHB Glenn Melican
|
0-0: Called Strike 0-1: Ball 1-1: Swinging Strike 1-2: Strikes out swinging
|
Batting: RHB Jaime Spiridon
|
0-0: Ball 1-0: Ground out 5-3 (Groundball, 5)
|
Bottom of the 6th over - 0 run(s), 0 hit(s), 0 error(s), 0 left on base; Montgomery 14 - Memphis 4 |
TOP OF THE 7TH |
Montgomery Biscuits batting - Pitching for Memphis Blues : LHP Ramón Vázquez
|
Batting: LHB Curt Causton
|
0-0: Swinging Strike 0-1: Ball 1-1: Swinging Strike 1-2: Fly out, F9 (Flyball, 89M)
|
Batting: RHB Rusty Downy
|
0-0: Ball 1-0: Called Strike 1-1: Ball 2-1: Ball 3-1: Foul Ball, location: 2F 3-2: Base on Balls
|
Batting: RHB Bob McDonald
|
0-0: Called Strike 0-1: Ball 1-1: Ball 2-1: Foul Ball, location: 2F 2-2: Strikes out swinging
|
Batting: RHB Reinaldo Amarante
|
0-0: Called Strike 0-1: Ball 1-1: SINGLE (Groundball, 4MD) Rusty Downy to second
|
Batting: SHB Jack Estes
|
0-0: Called Strike 0-1: Swinging Strike 0-2: Ball 1-2: Ball 2-2: Foul Ball, location: 2F 2-2: Foul Ball, location: 2F 2-2: Strikes out swinging
|
Top of the 7th over - 0 run(s), 1 hit(s), 0 error(s), 2 left on base; Montgomery 14 - Memphis 4 |
BOTTOM OF THE 7TH |
Memphis Blues batting - Pitching for Montgomery Biscuits : RHP Steven Browne
|
Batting: RHB Salvador Mendoza
|
0-0: Ball 1-0: Ball 2-0: Called Strike 2-1: Foul Ball, location: 2F 2-2: Strikes out swinging
|
Batting: SHB Terry Dailey
|
0-0: Ball 1-0: Foul Ball, location: 2F 1-1: Ball 2-1: Foul Ball, location: 2F 2-2: Ball 3-2: Fly out, F8 (Flyball, 8LXD)
|
Batting: RHB Dave Wookey
|
0-0: Ball 1-0: Called Strike 1-1: Ground out 5-3 (Groundball, 56)
|
Bottom of the 7th over - 0 run(s), 0 hit(s), 0 error(s), 0 left on base; Montgomery 14 - Memphis 4 |
TOP OF THE 8TH |
Montgomery Biscuits batting - Pitching for Memphis Blues : LHP Ramón Vázquez
|
Pitching: RHP Dustin Taylor
|
|
Batting: SHB Lawrence Farley
|
0-0: TRIPLE (Flyball, 89D)
|
Batting: LHB Brian MacIntosh
|
0-0: Ball 1-0: Swinging Strike 1-1: Ball 2-1: Ball 3-1: Base on Balls
|
Batting: RHB José Carlos Caraballo
|
0-0: Ball 1-0: Called Strike 1-1: Ball 2-1: Foul Ball, location: 2F 2-2: SINGLE (Groundball, 34D) Lawrence Farley scores Brian MacIntosh to second Runner from 2nd tries for 3rd, SAFE, no throw
|
Batting: SHB Marvin López
|
0-0: Foul Ball, location: 2F 0-1: Ball 1-1: Ball 2-1: Foul Ball, location: 2F 2-2: Ball 3-2: SINGLE (Line Drive, 8RS) Brian MacIntosh scores José Carlos Caraballo to second
|
Batting: LHB Curt Causton
|
0-0: Foul Ball, location: 2F 0-1: SINGLE (Groundball, 6MD) José Carlos Caraballo to third Marvin López to second Runner from 3rd tries for Home, throw and OUT! Marvin López to third Curt Causton to second
|
Batting: RHB Rusty Downy
|
0-0: Ball 1-0: Called Strike 1-1: Called Strike 1-2: Ball 2-2: Strikes out swinging
|
Batting: RHB Bob McDonald
|
0-0: Ball 1-0: DOUBLE (Line Drive, 8LD) Marvin López scores Curt Causton scores
|
Pitching: RHP José Velázquez
|
|
Batting: RHB Reinaldo Amarante
|
0-0: Ball 1-0: Swinging Strike 1-1: Foul Ball, location: 2F 1-2: SINGLE (Line Drive, 89M) Bob McDonald to third Runner from 3rd tries for Home, throw and OUT!
|
Top of the 8th over - 4 run(s), 6 hit(s), 0 error(s), 1 left on base; Montgomery 18 - Memphis 4 |
BOTTOM OF THE 8TH |
Memphis Blues batting - Pitching for Montgomery Biscuits : RHP Steven Browne
|
Batting: RHB Sadao Kato
|
0-0: Ball 1-0: Ball 2-0: Called Strike 2-1: Ball 3-1: Called Strike 3-2: Strikes out looking
|
Batting: LHB Chris Austin
|
0-0: Called Strike 0-1: Foul Ball, location: 2F 0-2: Ball 1-2: SINGLE (Flyball, 78S)
|
Batting: RHB Irwin Duncan
|
0-0: Called Strike 0-1: Ball 1-1: Swinging Strike 1-2: Strikes out swinging
|
Batting: RHB Peyton Pennington
|
0-0: Fielders Choice at 2nd, 6-4 (Groundball, 6)
|
Bottom of the 8th over - 0 run(s), 1 hit(s), 0 error(s), 0 left on base; Montgomery 18 - Memphis 4 |
TOP OF THE 9TH |
Montgomery Biscuits batting - Pitching for Memphis Blues : RHP José Velázquez
|
Pitching: RHP Tommy Waters
|
|
Batting: SHB Jack Estes
|
0-0: Ball 1-0: Ball 2-0: Ground out 3-1 (Groundball, 34S)
|
Batting: SHB Lawrence Farley
|
0-0: Called Strike 0-1: Foul Ball, location: 2F 0-2: Ball 1-2: Strikes out swinging
|
Pinch Hitting: RHB Juan Díaz
|
0-0: Ball 1-0: Swinging Strike 1-1: Swinging Strike 1-2: Ball 2-2: Strikes out swinging
|
Top of the 9th over - 0 run(s), 0 hit(s), 0 error(s), 0 left on base; Montgomery 18 - Memphis 4 |
BOTTOM OF THE 9TH |
Memphis Blues batting - Pitching for Montgomery Biscuits : RHP Steven Browne
|
Now in RF: Juan Díaz
|
|
Batting: RHB Glenn Melican
|
0-0: Ball 1-0: Ball 2-0: Ball 3-0: Swinging Strike 3-1: Fly out, F8 (Flyball, 8LD)
|
Batting: RHB Jaime Spiridon
|
0-0: Ball 1-0: Ball 2-0: Called Strike 2-1: Foul Ball, location: 2F 2-2: Ball 3-2: Foul Ball, location: 2F 3-2: Strikes out swinging
|
Batting: RHB Salvador Mendoza
|
0-0: Ball 1-0: Foul Ball, location: 2F 1-1: Ball 2-1: Ball 3-1: Fly out, F8 (Flyball, 8RM)
|
Bottom of the 9th over - 0 run(s), 0 hit(s), 0 error(s), 0 left on base; Montgomery 18 - Memphis 4 |
|